 Dungeon Crawl Stone Soup version 0.29.1-1-gd02db6906a (webtiles) character file.

Game seed: 6152456826520652011

76 Aibolit the Trooper (level 4, 0/39 (41) HPs)
             Began as a Hill Orc Fighter on Oct 8, 2022.
             Slain by Crazy Yiuf
             ... wielding a +3 quarterstaff of chaos
              (3 damage)
             ... on level 2 of the Dungeon.
             The game lasted 00:02:31 (1932 turns).

Aibolit the Trooper (Hill Orc Fighter)              Turns: 1932, Time: 00:02:32

HP:   0/39 (41)     AC:  8    Str: 20    XL:     4   Next: 32%
MP:   3/4           EV:  9    Int:  8    God:
Gold: 67            SH:  4    Dex: 10    Spells: 3/3 levels left

rFire   x . .      SeeInvis .   a - +0 war axe
rCold   + . .      Faith    .   c - +0 buckler
rNeg    . . .      Spirit   .   b - +0 scale mail
rPois   .          Reflect  .   d - +0 helmet
rElec   .          Harm     .   (no cloak)
rCorr   .          Rampage  .   (no gloves)
Will    .....                   (no boots)
Stlth   ..........              (no amulet)
HPRegen 0.13/turn               m - ring of ice
MPRegen 0.09/turn               (no ring)

@: slowed, lightly drained, very slow
A: no striking features
a: no special abilities


You were on level 2 of the Dungeon.
You visited 1 branch of the dungeon, and saw 2 of its levels.

You collected 67 gold pieces.

Inventory:

Hand Weapons
 a - a +0 war axe (weapon)
Armour
 b - a +0 scale mail (worn)
 c - a +0 buckler (worn)
 d - a +0 helmet (worn)
Jewellery
 m - a ring of ice (left hand)
Scrolls
 e - a scroll of noise {unknown}
 i - 4 scrolls of blinking {unknown}
 k - a scroll of brand weapon {unknown}
 n - a scroll of teleportation {unknown}
Potions
 f - a potion of berserk rage {unknown}
 g - a potion of invisibility {unknown}
 h - a potion of heal wounds {unknown}
 j - a potion of ambrosia {unknown}
 l - 2 potions of curing {unknown}


   Skills:
 + Level 4.3 Fighting
 + Level 3.7 Axes
 + Level 3.9 Armour
 + Level 3.9 Shields


You had 3 spell levels left.
You didn't know any spells.
Your spell library was empty.

Dungeon Overview and Level Annotations

Branches:
Dungeon (2/15)

Altars:

Shops:
D:1 =

Annotations:
D:2 Crazy Yiuf


Message History

You miss the frilled lizard.
The frilled lizard bites you but does no damage.
A frilled lizard is nearby!
You closely miss the frilled lizard. The frilled lizard barely misses you.
You slash the frilled lizard!
You kill the frilled lizard!
No target in view!
You see here a +0 dagger.
Things that are here:
a +0 dagger; a +0 club; a +0 dagger
Things that are here:
a +0 club; a +0 club Crazy Yiuf shouts!
Crazy Yiuf whimpers, "You tea unthinkable!"
Could not explore, unopened runed door.
You feel more attuned to ice.
m - a ring of ice (left hand) As you open the door, it creaks loudly!
You slash Crazy Yiuf!
Crazy Yiuf is heavily wounded.
Crazy Yiuf laughs, "Ghoul stair broken!"
Crazy Yiuf hits you with a +3 quarterstaff of chaos.
You feel your power leaking away. Crazy Yiuf barely misses you.
You barely miss Crazy Yiuf.
Crazy Yiuf is heavily wounded.
Crazy Yiuf hits you with a +3 quarterstaff of chaos!
You are electrocuted!
You barely miss Crazy Yiuf.
Crazy Yiuf is heavily wounded.
Crazy Yiuf completely misses you.
You closely miss Crazy Yiuf.
Crazy Yiuf is heavily wounded.
Crazy Yiuf hits you with a +3 quarterstaff of chaos!
* * * LOW HITPOINT WARNING * * *
You feel yourself slow down.
Crazy Yiuf hits you with a +3 quarterstaff of chaos.
* * * LOW HITPOINT WARNING * * *
You feel drained.
You die...

##.....#
#......#
#......#
#...[..#
#####
##.....#
#)..#
##.....#
#...#
##......#
... #
#.......#
#g#
####.......#
♣@♣♣
..##.......#
♣♣.♣
...........#
♣.♣♣
...........#
♣♣.♣
########
..#..<..##.#
♣♣.♣♣
#.......
...........#
♣♣...♣
#.......
..###....#.#
♣....♣
#.......
#.#...####.#
#....#
#.......
....### #.#
#....#
#.......


You could see Crazy Yiuf.

Vanquished Creatures
  Robin (D:2)
  7 dart slugs
  4 endoplasms (D:1)
  3 giant cockroaches
  10 goblins
  7 hobgoblins
  A quokka (D:1)
  3 ball pythons (D:1)
  A bat (D:1)
  2 frilled lizards (D:2)
  4 kobolds
  3 rats
46 creatures vanquished.

Notes
Turn   | Place    | Note
-------+----------+-------------------------------------------
     0 | D:1      | Aibolit the Hill Orc Fighter began the quest for the Orb.
     0 | D:1      | Reached XP level 1. HP: 19/19 MP: 1/1
   193 | D:1      | Reached XP level 2. HP: 27/27 MP: 2/2
   363 | D:1      | Reached skill level 4 in Fighting
   377 | D:1      | Reached XP level 3. HP: 33/33 MP: 3/3
   555 | D:1      | Found Tymadwuu's One-of-a-Kind Rings.
  1397 | D:2      | Noticed Robin
  1406 | D:2      | Reached XP level 4. HP: 30/40 MP: 4/4
  1411 | D:2      | Killed Robin
  1631 | D:2      | Found a runed translucent door.
  1632 | D:2      | Noticed Crazy Yiuf
  1765 | D:2      | Identified the +5 short sword of the Shore {vorpal, *Rage
                  | rF+ Int+2 Dex+6 SInv}
  1932 | D:2      | Slain by Crazy Yiuf

Illustrated notes

Levels and vault maps discovered:
D:1:      shiori_arrival_oz, layout_basic, nicolae_shop_unique_rings,
          nicolae_figureground_pulse
D:2:      layout_rooms, uniq_crazy_yiuf_cottage, uniq_robin

Skill      XL: |  1  2 |
---------------+-------+-----
Axes           | 3 |  3.7
Fighting       | 4 |  4.3
Armour         | |  3.9
Shields        | |  3.9

Action                   |  1- 3 |  4- 6 || total
-------------------------+-------+-------++-------
Melee: War axe           |    68 |    25 ||    93
  Use: Potion            |     1 |       ||     1
Armor: Scale mail        |    27 |    12 ||    39
Dodge: Dodged            |    27 |     8 ||    35
Block: Buckler           |    17 |     5 ||    22
